Detroit Red Wings vs Toronto Maple Leafs

Created - Wednesday, August 20, 2025 at 07:06

Goals
1 2 3 T
Detroit Red Wings 0 1 1 2
Toronto Maple Leafs 0 4 1 5
Shots
1 2 3 T
Detroit Red Wings 10 13 14 37
Toronto Maple Leafs 13 16 6 35

1st period

No Goal

Penalties :
No Penalty

2nd period

1. Toronto Maple Leafs , Cody Ceci 1 (Brandon Saad 2, Scott Laughton 2) at 2:52
2. Toronto Maple Leafs , Troy Terry 7 (Warren Foegele 4, Cody Ceci 5) at 3:28
3. Detroit Red Wings , Zachary Werenski 3 (Steven Stamkos 11, Vitek Vanecek) at 6:48 (PP)
4. Toronto Maple Leafs , Quinton Byfield 4 (Brady Tkachuk 7, Mario Ferraro 5) at 13:11 (PP)
5. Toronto Maple Leafs , Scott Laughton 4 (Nicolas Roy 2, Brandon Saad 3) at 18:54

Penalties :
Brady Tkachuk (TOR) for Tripping (Minor) at 6:38, Raphael Lavoie (DET) for Slashing (Minor) at 7:53, Jeff Petry (DET) for Roughing (Minor) at 11:55

3rd period

6. Toronto Maple Leafs , Troy Terry 8 (Aaron Ekblad 4, Sam Bennett 8) at 4:19
7. Detroit Red Wings , Steven Stamkos 10 (Patrick Kane 7) at 11:19

Penalties :
Steven Stamkos (DET) for Roughing (Minor) at 7:40

Goalie Stats

Vitek Vanecek (DET), 30 saves from 35 shots - (0.857), L, 1-2-0, 60:00 minutes
Frederik Andersen (TOR), 35 saves from 37 shots - (0.946), W, 6-3-1, 60:00 minutes

Players Stats for Detroit Red Wings

Player Name              G  A  P  +/- PIM S  H  SB GA TA FO     MP     PP MP  PK MP  
------------------------------------------------------------------------------------
Cutter Gauthier          0  0  0   0  0   4  1  0  3  1  8/16   17:04   0:00   0:00 
Jackson LaCombe          0  0  0   1  0   2  0  0  0  1  0/0    26:38   0:10   2:25 
Jamie Drysdale           0  0  0  -2  0   1  0  0  0  0  0/0    12:24   0:00   0:00 
Jeff Petry               0  0  0  -2  2   1  1  1  0  1  0/0    19:43   0:00   1:44 
Kasperi Kapanen          0  0  0   0  0   3  3  0  0  1  0/1    17:04   0:00   0:00 
Kevin Stenlund           0  0  0  -2  0   1  0  0  0  0  2/3    14:14   0:00   2:34 
Max Pacioretty           0  0  0  -1  0   1  0  0  0  0  1/1    17:04   0:00   0:00 
Patrick Kane             0  1  1  -1  0   3  1  0  3  0  0/0    17:14   0:10   0:00 
Peyton Krebs             0  0  0  -2  0   2  1  1  1  0  0/0    12:33   0:00   0:52 
Raphael Lavoie           0  0  0   0  2   3  1  0  0  0  0/0     8:46   0:00   0:00 
Rasmus Kupari            0  0  0   0  0   2  1  1  1  1  1/2    11:19   0:10   2:21 
Shayne Gostisbehere      0  0  0  -2  0   0  0  0  0  0  0/0    13:18   0:00   0:54 
Steven Stamkos           1  1  2  -1  2   8  2  0  3  0  18/21  18:38   0:10   1:24 
Tanner Pearson           0  0  0   0  0   1  1  0  0  0  0/1    17:04   0:00   0:00 
Vasili Podkolzin         0  0  0   0  0   1  4  0  0  0  0/0     9:33   0:00   0:46 
Yakov Trenin             0  0  0  -2  0   0  0  0  0  0  0/2    14:11   0:00   2:31 
Zach Bogosian            0  0  0  -2  0   1  2  2  0  1  0/0    20:58   0:00   2:49 
Zachary Werenski         1  0  1   1  0   3  0  0  1  0  0/0    26:58   0:10   2:36 

Players Stats for Toronto Maple Leafs

Player Name              G  A  P  +/- PIM S  H  SB GA TA FO     MP     PP MP  PK MP  
------------------------------------------------------------------------------------
Aaron Ekblad             0  1  1   2  0   1  4  2  0  0  0/0    23:37   2:30   0:00 
Andrew Mangiapane        0  0  0   0  0   0  1  0  0  1  0/0    10:01   0:00   0:00 
Bowen Byram              0  0  0   1  0   0  0  1  0  1  0/0    15:00   0:00   0:00 
Brady Tkachuk            0  1  1   0  2   1  3  0  1  0  0/0    18:21   2:50   0:00 
Brandon Saad             0  2  2   2  0   6  0  1  0  0  1/1    13:07   0:08   0:03 
Cody Ceci                1  1  2   2  0   2  1  1  0  1  0/0    23:37   2:30   0:00 
Mackie Samoskevich       0  0  0   0  0   3  0  0  1  0  0/0    10:01   0:00   0:00 
Mario Ferraro            0  1  1   0  0   0  2  3  0  2  0/0    21:23   2:44   0:10 
Nick Bjugstad            0  0  0   0  0   0  2  1  0  1  1/1    10:01   0:00   0:00 
Nicolas Roy              0  1  1   2  0   0  3  0  0  0  0/0    13:04   0:08   0:00 
Quinton Byfield          1  0  1   0  0   5  3  0  0  1  0/0    18:29   2:50   0:07 
Ryan Pulock              0  0  0   0  0   1  0  0  0  1  0/0    21:23   2:44   0:10 
Sam Bennett              0  1  1   1  0   3  3  0  0  1  7/19   18:30   2:16   0:07 
Sam Malinski             0  0  0   1  0   1  0  0  0  0  0/0    15:00   0:00   0:00 
Scott Laughton           1  1  2   2  0   4  0  2  1  0  3/10   13:04   0:08   0:00 
Troy Terry               2  0  2   1  0   6  1  1  1  1  0/1    18:23   2:16   0:00 
Warren Foegele           0  1  1   1  0   1  0  0  2  2  0/2    18:23   2:16   0:00 
Wyatt Johnston           0  0  0   0  0   1  0  1  0  0  5/13   18:25   2:50   0:03 

3 Stars

1 - Troy Terry (TOR)
2 - Cody Ceci (TOR)
3 - Scott Laughton (TOR)

Power Play

Detroit Red Wings - 1 on 1 Attempt(s) - 100.00%
Toronto Maple Leafs - 1 on 3 Attempt(s) - 33.33%

Penalty Kill

Detroit Red Wings - 2 on 3 Attempt(s) - 66.67% - Score 0 goal in Penalty Kill
Toronto Maple Leafs - 0 on 1 Attempt(s) - 0.00% - Score 0 goal in Penalty Kill

Team Stat

Detroit Red Wings - Hits : 18 - Faceoff Wins : 30 - Blocked Shots : 5 - Penalty Minutes : 6
Toronto Maple Leafs - Hits : 23 - Faceoff Wins : 17 - Blocked Shots : 13 - Penalty Minutes : 2

Official

Referees : Chris Schlenker and Wes Mccauley
Linesman : Tommy Hughes

Game Notes

No Game Note

Finance

Level 1 -- Attendance: 5854 (97.57%) -- Ticket Income $550,276
Level 2 -- Attendance: 5000 (100.00%) -- Ticket Income $270,000
Level 3 -- Attendance: 3000 (100.00%) -- Ticket Income $99,000
Level 4 -- Attendance: 4469 (89.38%) -- Ticket Income $93,849
Luxury Box -- Attendance: 896 (89.60%) -- Ticket Income $172,928
Game was played at the Air Canada Centre.
Total Attendance: 19219 (96.10%)
Total Ticket Income: $1,186,053
Other Income: $415,119
Total Income: $1,601,172

Detroit Red Wings

5 vs 5 Forward 
   Center                   Left Wing                Right Wing               Time % Phy DF OF 
 1 Steven Stamkos           Max Pacioretty           Patrick Kane             35     1   2  2  
 2 Cutter Gauthier          Tanner Pearson           Kasperi Kapanen          35     1   1  3  
 3 Kevin Stenlund           Peyton Krebs             Yakov Trenin             20     1   2  2  
 4 Rasmus Kupari            Vasili Podkolzin         Raphael Lavoie           10     2   2  1  

5 vs 5 Defense 
   Defense                  Defense                                           Time % Phy DF OF 
 1 Zachary Werenski         Jackson LaCombe                                   40     1   2  2  
 2 Jeff Petry               Zach Bogosian                                     30     1   2  2  
 3 Shayne Gostisbehere      Jamie Drysdale                                    20     3   1  1  
 4 Zachary Werenski         Jackson LaCombe                                   10     1   2  2  

PowerPlay Forward 
   Center                   Left Wing                Right Wing               Time % Phy DF OF 
 1 Steven Stamkos           Rasmus Kupari            Patrick Kane             50     0   1  4  
 2 Cutter Gauthier          Tanner Pearson           Max Pacioretty           50     0   1  4  

PowerPlay Defense
   Defense                  Defense                                           Time % Phy DF OF 
 1 Zachary Werenski         Jackson LaCombe                                   50     1   2  2  
 2 Jamie Drysdale           Zach Bogosian                                     50     1   2  2  

Penalty Kill 4 Players Forward 
   Center                   Wing                     Time % Phy DF OF 
 1 Steven Stamkos           Rasmus Kupari            50     2   2  1  
 2 Kevin Stenlund           Yakov Trenin             50     2   2  1  

Penalty Kill 4 Players Defense
   Defense                  Defense                  Time % Phy DF OF 
 1 Jeff Petry               Jackson LaCombe          50     2   2  1  
 2 Zachary Werenski         Zach Bogosian            50     2   2  1  

Penalty Kill - 3 Players Forward 
   Forward                                           Time % Phy DF OF 
 1 Steven Stamkos                                    50     1   2  2  
 2 Kevin Stenlund                                    50     1   2  2  

Penalty Kill - 3 Players Defense
   Defense                  Defense                  Time % Phy DF OF 
 1 Jeff Petry               Jackson LaCombe          50     1   2  2  
 2 Zachary Werenski         Zach Bogosian            50     2   2  1  

4 vs 4 Forward 
   Center                   Wing                     Time % Phy DF OF 
 1 Cutter Gauthier          Max Pacioretty           60     1   2  2  
 2 Steven Stamkos           Patrick Kane             40     1   1  3  

4 vs 4 Defense
   Defense                  Defense                  Time % Phy DF OF 
 1 Zachary Werenski         Jackson LaCombe          60     1   2  2  
 2 Jamie Drysdale           Zach Bogosian            40     1   2  2  

Last Minutes Offensive
   Center                   Left Wing                Right Wing               Defense                  Defense                  
   Steven Stamkos           Rasmus Kupari            Patrick Kane             Zachary Werenski         Jackson LaCombe          

Last Minutes Defensive
   Center                   Left Wing                Right Wing               Defense                  Defense                  
   Steven Stamkos           Rasmus Kupari            Patrick Kane             Zachary Werenski         Jackson LaCombe          

Goaltenders
Starting : Vitek Vanecek            
Backup : Laurent Brossoit         

Extra Forwards
Normal : Kevin Stenlund, Peyton Krebs, Tanner Pearson - PP : Kevin Stenlund, Tanner Pearson - PK : Yakov Trenin
Extra Defensemen
Normal : Shayne Gostisbehere, Jamie Drysdale, Zachary Werenski - PP : Shayne Gostisbehere - PK : Shayne Gostisbehere, Jamie Drysdale
Penalty Shots
Steven Stamkos, Patrick Kane, Cutter Gauthier, Max Pacioretty, Rasmus Kupari

Scratches
Danton Heinen (Healthy), Daniel Torgersson (Healthy), Christian Fischer (Healthy), Ryan Graves (Healthy), Ville Husso (Healthy)

Toronto Maple Leafs

5 vs 5 Forward 
   Center                   Left Wing                Right Wing               Time % Phy DF OF 
 1 Wyatt Johnston           Brady Tkachuk            Quinton Byfield          30     1   2  2  
 2 Sam Bennett              Troy Terry               Warren Foegele           30     1   2  2  
 3 Scott Laughton           Brandon Saad             Nicolas Roy              25     1   2  2  
 4 Nick Bjugstad            Andrew Mangiapane        Mackie Samoskevich       15     1   2  2  

5 vs 5 Defense 
   Defense                  Defense                                           Time % Phy DF OF 
 1 Aaron Ekblad             Cody Ceci                                         30     1   2  2  
 2 Ryan Pulock              Mario Ferraro                                     30     1   2  2  
 3 Bowen Byram              Sam Malinski                                      25     1   2  2  
 4 Aaron Ekblad             Cody Ceci                                         15     1   2  2  

PowerPlay Forward 
   Center                   Left Wing                Right Wing               Time % Phy DF OF 
 1 Wyatt Johnston           Brady Tkachuk            Quinton Byfield          50     1   2  2  
 2 Sam Bennett              Troy Terry               Warren Foegele           50     1   2  2  

PowerPlay Defense
   Defense                  Defense                                           Time % Phy DF OF 
 1 Aaron Ekblad             Cody Ceci                                         50     1   2  2  
 2 Ryan Pulock              Mario Ferraro                                     50     1   2  2  

Penalty Kill 4 Players Forward 
   Center                   Wing                     Time % Phy DF OF 
 1 Wyatt Johnston           Brady Tkachuk            50     1   2  2  
 2 Quinton Byfield          Sam Bennett              50     1   2  2  

Penalty Kill 4 Players Defense
   Defense                  Defense                  Time % Phy DF OF 
 1 Aaron Ekblad             Cody Ceci                50     1   2  2  
 2 Ryan Pulock              Mario Ferraro            50     1   2  2  

Penalty Kill - 3 Players Forward 
   Forward                                           Time % Phy DF OF 
 1 Wyatt Johnston                                    50     1   2  2  
 2 Brady Tkachuk                                     50     1   2  2  

Penalty Kill - 3 Players Defense
   Defense                  Defense                  Time % Phy DF OF 
 1 Aaron Ekblad             Cody Ceci                50     1   2  2  
 2 Ryan Pulock              Mario Ferraro            50     1   2  2  

4 vs 4 Forward 
   Center                   Wing                     Time % Phy DF OF 
 1 Wyatt Johnston           Brady Tkachuk            50     1   2  2  
 2 Quinton Byfield          Sam Bennett              50     1   2  2  

4 vs 4 Defense
   Defense                  Defense                  Time % Phy DF OF 
 1 Aaron Ekblad             Cody Ceci                50     1   2  2  
 2 Ryan Pulock              Mario Ferraro            50     1   2  2  

Last Minutes Offensive
   Center                   Left Wing                Right Wing               Defense                  Defense                  
   Wyatt Johnston           Brady Tkachuk            Quinton Byfield          Aaron Ekblad             Cody Ceci                

Last Minutes Defensive
   Center                   Left Wing                Right Wing               Defense                  Defense                  
   Wyatt Johnston           Brady Tkachuk            Quinton Byfield          Aaron Ekblad             Cody Ceci                

Goaltenders
Starting : Frederik Andersen        
Backup : Joonas Korpisalo         

Extra Forwards
Normal : Scott Laughton, Nicolas Roy, Brandon Saad - PP : Scott Laughton, Nicolas Roy - PK : Brandon Saad
Extra Defensemen
Normal : Bowen Byram, Sam Malinski, Ryan Pulock - PP : Bowen Byram - PK : Sam Malinski, Ryan Pulock
Penalty Shots
Wyatt Johnston, Brady Tkachuk, Quinton Byfield, Sam Bennett, Troy Terry

Scratches
P.O. Joseph (Healthy), Lucas Carlsson (Healthy), Connor Dewar (Healthy), Garin Bjorklund (Healthy)

% Time on Ice - Detroit Red Wings

Lines # - Real PCT - Wanted PCT - Time Play
Normal Forward
1 - 31% - 35% - 17:05
2 - 31% - 35% - 17:04
3 - 21% - 20% - 11:40
4 - 16% - 10% - 8:47
Normal Defense
1 - 35% - 40% - 19:15
2 - 33% - 30% - 18:09
3 - 23% - 20% - 12:24
4 - 9% - 10% - 4:48
PP Forward
1 - 100% - 50% - 0:10
2 - 0% - 50% - 0:00
PP Defense
1 - 100% - 50% - 0:10
2 - 0% - 50% - 0:00
PK Forward
1 - 57% - 50% - 3:00
2 - 43% - 50% - 2:14
PK Defense
1 - 46% - 50% - 2:25
2 - 54% - 50% - 2:49
PK3 Forward
1 - 0% - 50%
2 - 0% - 50%
PK3 Defense
1 - 0% - 50%
2 - 0% - 50%
44 Forward
1 - 0% - 60%
2 - 0% - 40%
44 Defense
1 - 0% - 60%
2 - 0% - 40%
Last Minute Offensive  - 0:00
Last Minute Defensive  - 0:00
Total
Forward - 60:00
Defense - 60:00

% Time on Ice - Toronto Maple Leafs

Lines # - Real PCT - Wanted PCT - Time Play
Normal Forward
1 - 28% - 30% - 15:32
2 - 30% - 30% - 16:07
3 - 24% - 25% - 12:56
4 - 18% - 15% - 10:01
Normal Defense
1 - 28% - 30% - 15:04
2 - 34% - 30% - 18:29
3 - 27% - 25% - 15:00
4 - 11% - 15% - 6:03
PP Forward
1 - 57% - 50% - 2:58
2 - 43% - 50% - 2:16
PP Defense
1 - 48% - 50% - 2:30
2 - 52% - 50% - 2:44
PK Forward
1 - 30% - 50% - 0:03
2 - 70% - 50% - 0:07
PK Defense
1 - 0% - 50% - 0:00
2 - 100% - 50% - 0:10
PK3 Forward
1 - 0% - 50%
2 - 0% - 50%
PK3 Defense
1 - 0% - 50%
2 - 0% - 50%
44 Forward
1 - 0% - 50%
2 - 0% - 50%
44 Defense
1 - 0% - 50%
2 - 0% - 50%
Last Minute Offensive  - 0:00
Last Minute Defensive  - 0:00
Total
Forward - 60:00
Defense - 60:00

Play-by-Play

1st period


0:01 of 1st period - Steven Stamkos wins face-off versus Wyatt Johnston in neutral zone.
0:12 of 1st period - Snap shot by Quinton Byfield.
0:12 of 1st period - Shot Misses the Net.
1:07 of 1st period - Jeff Petry is hit by Andrew Mangiapane.
1:30 of 1st period - Slapshot by Quinton Byfield.
1:30 of 1st period - Stopped by Vitek Vanecek with a rebound.
2:00 of 1st period - Wrist shot by Sam Bennett.
2:00 of 1st period - Stopped by Vitek Vanecek with a rebound.
2:02 of 1st period - Slapshot by Ryan Pulock.
2:02 of 1st period - Deflect By Sam Bennett.
2:02 of 1st period - Shot Misses the Net.
2:02 of 1st period - Puck is out of play.
2:03 of 1st period - Kevin Stenlund wins face-off versus Scott Laughton in Detroit Red Wings zone.
2:51 of 1st period - Wrist shot by Patrick Kane.
2:51 of 1st period - Shot Misses the Net.
2:53 of 1st period - Slapshot by Max Pacioretty.
2:53 of 1st period - Shot Blocked by Mario Ferraro.
2:55 of 1st period - Slapshot by Zachary Werenski.
2:55 of 1st period - Shot Misses the Net.
3:09 of 1st period - Jeff Petry is hit by Brady Tkachuk and loses puck.
4:34 of 1st period - Brady Tkachuk is hit by Vasili Podkolzin.
4:54 of 1st period - Wrist shot by Brandon Saad.
4:54 of 1st period - Stopped by Vitek Vanecek with a rebound.
4:56 of 1st period - Slapshot by Mario Ferraro.
4:56 of 1st period - Shot Misses the Net.
4:58 of 1st period - Slapshot by Mario Ferraro.
4:58 of 1st period - Shot Misses the Net.
5:00 of 1st period - Wrist shot by Scott Laughton.
5:00 of 1st period - Stopped by Vitek Vanecek with a rebound.
5:02 of 1st period - Wrist shot by Scott Laughton.
5:02 of 1st period - Stopped by Vitek Vanecek without a rebound.
5:03 of 1st period - Steven Stamkos wins face-off versus Sam Bennett in Detroit Red Wings zone.
5:10 of 1st period - Wrist shot by Steven Stamkos.
5:10 of 1st period - Stopped by Frederik Andersen without a rebound.
5:11 of 1st period - Steven Stamkos wins face-off versus Sam Bennett in Toronto Maple Leafs zone.
6:13 of 1st period - Snap shot by Steven Stamkos.
6:13 of 1st period - Stopped by Frederik Andersen with a rebound.
6:15 of 1st period - Snap shot by Steven Stamkos.
6:15 of 1st period - Stopped by Frederik Andersen with a rebound.
6:47 of 1st period - Slapshot by Troy Terry.
6:47 of 1st period - Stopped by Vitek Vanecek without a rebound.
6:48 of 1st period - Wyatt Johnston wins face-off versus Cutter Gauthier in Detroit Red Wings zone.
7:03 of 1st period - Wrist shot by Cutter Gauthier.
7:03 of 1st period - Shot Blocked by Aaron Ekblad.
7:55 of 1st period - Jeff Petry is hit by Nick Bjugstad and loses puck.
8:32 of 1st period - Jeff Petry is hit by Nicolas Roy and loses puck.
9:25 of 1st period - Snap shot by Mackie Samoskevich.
9:25 of 1st period - Shot Misses the Net.
9:37 of 1st period - Wrist shot by Quinton Byfield.
9:37 of 1st period - Stopped by Vitek Vanecek with a rebound.
10:13 of 1st period - Troy Terry is hit by Raphael Lavoie and loses puck.
10:20 of 1st period - Jackson LaCombe is hit by Sam Bennett and loses puck.
10:31 of 1st period - Zachary Werenski is hit by Quinton Byfield and loses puck.
10:50 of 1st period - Wrist shot by Raphael Lavoie.
10:50 of 1st period - Stopped by Frederik Andersen with a rebound.
10:52 of 1st period - Wrist shot by Cutter Gauthier.
10:52 of 1st period - Shot Misses the Net.
10:56 of 1st period - Wrist shot by Cutter Gauthier.
10:56 of 1st period - Shot Blocked by Cody Ceci.
10:58 of 1st period - Wrist shot by Kasperi Kapanen.
10:58 of 1st period - Deflect By Sam Bennett.
10:58 of 1st period - Stopped by Frederik Andersen with a rebound.
11:00 of 1st period - Snap shot by Kasperi Kapanen.
11:00 of 1st period - Stopped by Frederik Andersen without a rebound.
11:01 of 1st period - Cutter Gauthier wins face-off versus Wyatt Johnston in Toronto Maple Leafs zone.
11:06 of 1st period - Snap shot by Cutter Gauthier.
11:06 of 1st period - Stopped by Frederik Andersen without a rebound.
11:07 of 1st period - Wyatt Johnston wins face-off versus Cutter Gauthier in Toronto Maple Leafs zone.
12:35 of 1st period - Snap shot by Tanner Pearson.
12:35 of 1st period - Shot Blocked by Wyatt Johnston.
12:55 of 1st period - Slapshot by Quinton Byfield.
12:55 of 1st period - Shot Blocked by Zach Bogosian.
12:57 of 1st period - Snap shot by Wyatt Johnston.
12:57 of 1st period - Stopped by Vitek Vanecek with a rebound.
12:59 of 1st period - Slapshot by Ryan Pulock.
12:59 of 1st period - Stopped by Vitek Vanecek without a rebound.
13:00 of 1st period - Steven Stamkos wins face-off versus Scott Laughton in Detroit Red Wings zone.
13:35 of 1st period - Brandon Saad is hit by Rasmus Kupari and loses puck.
14:25 of 1st period - Wrist shot by Patrick Kane.
14:25 of 1st period - Stopped by Frederik Andersen without a rebound.
14:26 of 1st period - Rasmus Kupari wins face-off versus Sam Bennett in Toronto Maple Leafs zone.
14:42 of 1st period - Troy Terry is hit by Vasili Podkolzin and loses puck.
15:19 of 1st period - Wrist shot by Brandon Saad.
15:19 of 1st period - Shot Misses the Net.
15:21 of 1st period - Slapshot by Brandon Saad.
15:21 of 1st period - Stopped by Vitek Vanecek with a rebound.
15:23 of 1st period - Slapshot by Sam Malinski.
15:23 of 1st period - Deflect By Brandon Saad.
15:23 of 1st period - Stopped by Vitek Vanecek with a rebound.
16:52 of 1st period - Slapshot by Mackie Samoskevich.
16:52 of 1st period - Stopped by Vitek Vanecek with a rebound.
17:28 of 1st period - Snap shot by Andrew Mangiapane.
17:28 of 1st period - Shot Misses the Net.
18:42 of 1st period - Tanner Pearson is hit by Aaron Ekblad and loses puck.
18:47 of 1st period - Slapshot by Mackie Samoskevich.
18:47 of 1st period - Shot Misses the Net.
18:49 of 1st period - Slapshot by Aaron Ekblad.
18:49 of 1st period - Shot Misses the Net.
18:51 of 1st period - Wrist shot by Aaron Ekblad.
18:51 of 1st period - Stopped by Vitek Vanecek with a rebound.
19:32 of 1st period - Wrist shot by Peyton Krebs.
19:32 of 1st period - Stopped by Frederik Andersen with a rebound.
19:34 of 1st period - Slapshot by Jackson LaCombe.
19:34 of 1st period - Deflect By Peyton Krebs.
19:34 of 1st period - Shot Misses the Net.
19:34 of 1st period - Puck is out of play.
19:35 of 1st period - Steven Stamkos wins face-off versus Wyatt Johnston in Toronto Maple Leafs zone.
19:38 of 1st period - Snap shot by Patrick Kane.
19:38 of 1st period - Stopped by Frederik Andersen with a rebound.
19:52 of 1st period - Snap shot by Brady Tkachuk.
19:52 of 1st period - Shot Misses the Net.
Goals for this period are 0 for Detroit Red Wings vs 0 for Toronto Maple Leafs.
Shots for this period are 10 for Detroit Red Wings vs 13 for Toronto Maple Leafs.

2nd period


0:01 of 2nd period - Sam Bennett wins face-off versus Cutter Gauthier in neutral zone.
0:10 of 2nd period - Wrist shot by Troy Terry.
0:10 of 2nd period - Stopped by Vitek Vanecek without a rebound.
0:11 of 2nd period - Max Pacioretty wins face-off versus Scott Laughton in Detroit Red Wings zone.
0:11 of 2nd period - Max Pacioretty is hit by Aaron Ekblad.
1:19 of 2nd period - Andrew Mangiapane is hit by Vasili Podkolzin and loses puck.
1:56 of 2nd period - Snap shot by Cutter Gauthier.
1:56 of 2nd period - Stopped by Frederik Andersen without a rebound.
1:57 of 2nd period - Sam Bennett wins face-off versus Cutter Gauthier in Toronto Maple Leafs zone.
2:06 of 2nd period - Snap shot by Cutter Gauthier.
2:06 of 2nd period - Stopped by Frederik Andersen with a rebound.
2:08 of 2nd period - Slapshot by Cutter Gauthier.
2:08 of 2nd period - Stopped by Frederik Andersen with a rebound.
2:10 of 2nd period - Slapshot by Zach Bogosian.
2:10 of 2nd period - Stopped by Frederik Andersen with a rebound.
2:12 of 2nd period - Slapshot by Jeff Petry.
2:12 of 2nd period - Stopped by Frederik Andersen with a rebound.
2:22 of 2nd period - Zach Bogosian is hit by Brady Tkachuk and loses puck.
2:31 of 2nd period - Snap shot by Steven Stamkos.
2:31 of 2nd period - Stopped by Frederik Andersen with a rebound.
2:50 of 2nd period - Wrist shot by Brandon Saad.
2:50 of 2nd period - Stopped by Vitek Vanecek with a rebound.
2:52 of 2nd period - Slapshot by Cody Ceci.
2:52 of 2nd period - Deflect By Kevin Stenlund.
2:52 of 2nd period - Goal by Cody Ceci - Detroit Red Wings : 0 - Toronto Maple Leafs : 1.
2:53 of 2nd period - Wyatt Johnston wins face-off versus Cutter Gauthier in neutral zone.
3:28 of 2nd period - Wrist shot by Warren Foegele.
3:28 of 2nd period - Deflect By Troy Terry.
3:28 of 2nd period - Goal by Troy Terry - Detroit Red Wings : 0 - Toronto Maple Leafs : 2.
3:29 of 2nd period - Brandon Saad wins face-off versus Cutter Gauthier in neutral zone.
3:44 of 2nd period - Aaron Ekblad is hit by Kasperi Kapanen and loses puck.
4:00 of 2nd period - Brady Tkachuk is hit by Steven Stamkos and loses puck.
4:19 of 2nd period - Rasmus Kupari is hit by Sam Bennett and loses puck.
4:35 of 2nd period - Icing by Zach Bogosian.
4:36 of 2nd period - Nick Bjugstad wins face-off versus Yakov Trenin in Detroit Red Wings zone.
5:01 of 2nd period - Zach Bogosian is hit by Aaron Ekblad and loses puck.
5:14 of 2nd period - Slapshot by Wyatt Johnston.
5:14 of 2nd period - Shot Blocked by Jeff Petry.
5:52 of 2nd period - Wrist shot by Raphael Lavoie.
5:52 of 2nd period - Stopped by Frederik Andersen with a rebound.
5:56 of 2nd period - Snap shot by Rasmus Kupari.
5:56 of 2nd period - Stopped by Frederik Andersen without a rebound.
5:57 of 2nd period - Cutter Gauthier wins face-off versus Scott Laughton in Toronto Maple Leafs zone.
6:38 of 2nd period - Minor Penalty to Brady Tkachuk for Tripping.
6:39 of 2nd period - Wyatt Johnston wins face-off versus Steven Stamkos in Toronto Maple Leafs zone.
6:48 of 2nd period - Slapshot by Zachary Werenski.
6:48 of 2nd period - Goal by Zachary Werenski - Detroit Red Wings : 1 - Toronto Maple Leafs : 2.
6:49 of 2nd period - Cutter Gauthier wins face-off versus Sam Bennett in neutral zone.
7:14 of 2nd period - Steven Stamkos is hit by Nicolas Roy and loses puck.
7:45 of 2nd period - Wrist shot by Rasmus Kupari.
7:45 of 2nd period - Stopped by Frederik Andersen with a rebound.
7:53 of 2nd period - Minor Penalty to Raphael Lavoie for Slashing.
7:54 of 2nd period - Steven Stamkos wins face-off versus Wyatt Johnston in Detroit Red Wings zone.
9:53 of 2nd period - Penalty to Raphael Lavoie is over, Raphael Lavoie is back on ice.
9:59 of 2nd period - Tanner Pearson is hit by Nicolas Roy and loses puck.
10:08 of 2nd period - Wrist shot by Brandon Saad.
10:08 of 2nd period - Stopped by Vitek Vanecek with a rebound.
10:10 of 2nd period - Slapshot by Bowen Byram.
10:10 of 2nd period - Shot Blocked by Zach Bogosian.
10:12 of 2nd period - Slapshot by Sam Malinski.
10:12 of 2nd period - Stopped by Vitek Vanecek with a rebound.
10:57 of 2nd period - Wyatt Johnston is hit by Kasperi Kapanen and loses puck.
11:22 of 2nd period - Shayne Gostisbehere is hit by Troy Terry and loses puck.
11:55 of 2nd period - Minor Penalty to Jeff Petry for Roughing.
11:56 of 2nd period - Kevin Stenlund wins face-off versus Sam Bennett in Detroit Red Wings zone.
12:32 of 2nd period - Kevin Stenlund is hit by Mario Ferraro and loses puck.
13:01 of 2nd period - Snap shot by Brady Tkachuk.
13:01 of 2nd period - Stopped by Vitek Vanecek with a rebound.
13:09 of 2nd period - Snap shot by Quinton Byfield.
13:09 of 2nd period - Stopped by Vitek Vanecek with a rebound.
13:11 of 2nd period - Wrist shot by Quinton Byfield.
13:11 of 2nd period - Goal by Quinton Byfield - Detroit Red Wings : 1 - Toronto Maple Leafs : 3.
13:12 of 2nd period - Steven Stamkos wins face-off versus Sam Bennett in neutral zone.
13:22 of 2nd period - Snap shot by Sam Bennett.
13:22 of 2nd period - Stopped by Vitek Vanecek with a rebound.
14:23 of 2nd period - Zach Bogosian is hit by Mario Ferraro and loses puck.
14:48 of 2nd period - Snap shot by Troy Terry.
14:48 of 2nd period - Shot Blocked by Rasmus Kupari.
14:50 of 2nd period - Snap shot by Troy Terry.
14:50 of 2nd period - Stopped by Vitek Vanecek with a rebound.
14:52 of 2nd period - Wrist shot by Troy Terry.
14:52 of 2nd period - Deflect By Jeff Petry.
14:52 of 2nd period - Shot Misses the Net.
14:52 of 2nd period - Puck is out of play.
14:53 of 2nd period - Steven Stamkos wins face-off versus Wyatt Johnston in Detroit Red Wings zone.
15:58 of 2nd period - Zachary Werenski is hit by Aaron Ekblad and loses puck.
17:05 of 2nd period - Snap shot by Kevin Stenlund.
17:05 of 2nd period - Stopped by Frederik Andersen with a rebound.
17:09 of 2nd period - Slapshot by Peyton Krebs.
17:09 of 2nd period - Shot Misses the Net.
17:11 of 2nd period - Snap shot by Peyton Krebs.
17:11 of 2nd period - Shot Blocked by Scott Laughton.
17:13 of 2nd period - Snap shot by Peyton Krebs.
17:13 of 2nd period - Stopped by Frederik Andersen with a rebound.
17:27 of 2nd period - Snap shot by Rasmus Kupari.
17:27 of 2nd period - Shot Misses the Net.
17:29 of 2nd period - Wrist shot by Vasili Podkolzin.
17:29 of 2nd period - Stopped by Frederik Andersen with a rebound.
17:33 of 2nd period - Snap shot by Rasmus Kupari.
17:33 of 2nd period - Shot Blocked by Bowen Byram.
17:54 of 2nd period - Snap shot by Mackie Samoskevich.
17:54 of 2nd period - Stopped by Vitek Vanecek with a rebound.
17:56 of 2nd period - Wrist shot by Mackie Samoskevich.
17:56 of 2nd period - Stopped by Vitek Vanecek without a rebound.
17:57 of 2nd period - Sam Bennett wins face-off versus Cutter Gauthier in Detroit Red Wings zone.
18:06 of 2nd period - Slapshot by Warren Foegele.
18:06 of 2nd period - Deflect By Sam Bennett.
18:06 of 2nd period - Stopped by Vitek Vanecek with a rebound.
18:29 of 2nd period - Wyatt Johnston is hit by Patrick Kane and loses puck.
18:46 of 2nd period - Wrist shot by Brandon Saad.
18:46 of 2nd period - Stopped by Vitek Vanecek with a rebound.
18:48 of 2nd period - Wrist shot by Scott Laughton.
18:48 of 2nd period - Shot Misses the Net.
18:50 of 2nd period - Snap shot by Nicolas Roy.
18:50 of 2nd period - Shot Blocked by Peyton Krebs.
18:52 of 2nd period - Slapshot by Nicolas Roy.
18:52 of 2nd period - Shot Misses the Net.
18:54 of 2nd period - Wrist shot by Scott Laughton.
18:54 of 2nd period - Goal by Scott Laughton - Detroit Red Wings : 1 - Toronto Maple Leafs : 4.
18:55 of 2nd period - Cutter Gauthier wins face-off versus Warren Foegele in neutral zone.
19:00 of 2nd period - Snap shot by Cutter Gauthier.
19:00 of 2nd period - Shot Misses the Net.
19:06 of 2nd period - Wrist shot by Cutter Gauthier.
19:06 of 2nd period - Shot Misses the Net.
Goals for this period are 1 for Detroit Red Wings vs 4 for Toronto Maple Leafs.
Shots for this period are 13 for Detroit Red Wings vs 16 for Toronto Maple Leafs.

3rd period


0:01 of 3rd period - Steven Stamkos wins face-off versus Sam Bennett in neutral zone.
0:04 of 3rd period - Slapshot by Zachary Werenski.
0:04 of 3rd period - Stopped by Frederik Andersen with a rebound.
0:26 of 3rd period - Wyatt Johnston is hit by Tanner Pearson and loses puck.
1:05 of 3rd period - Nick Bjugstad is hit by Peyton Krebs and loses puck.
2:18 of 3rd period - Jackson LaCombe is hit by Nick Bjugstad and loses puck.
3:01 of 3rd period - Slapshot by Zachary Werenski.
3:01 of 3rd period - Shot Blocked by Nick Bjugstad.
3:09 of 3rd period - Wrist shot by Andrew Mangiapane.
3:09 of 3rd period - Shot Misses the Net.
3:11 of 3rd period - Snap shot by Nick Bjugstad.
3:11 of 3rd period - Deflect By Andrew Mangiapane.
3:11 of 3rd period - Shot Misses the Net.
3:11 of 3rd period - Puck is out of play.
3:12 of 3rd period - Steven Stamkos wins face-off versus Troy Terry in Detroit Red Wings zone.
3:19 of 3rd period - Wrist shot by Steven Stamkos.
3:19 of 3rd period - Stopped by Frederik Andersen with a rebound.
4:05 of 3rd period - Snap shot by Raphael Lavoie.
4:05 of 3rd period - Shot Misses the Net.
4:07 of 3rd period - Wrist shot by Rasmus Kupari.
4:07 of 3rd period - Deflect By Vasili Podkolzin.
4:07 of 3rd period - Shot Blocked by Brandon Saad.
4:07 of 3rd period - Puck is out of play.
4:08 of 3rd period - Steven Stamkos wins face-off versus Sam Bennett in Toronto Maple Leafs zone.
4:17 of 3rd period - Snap shot by Sam Bennett.
4:17 of 3rd period - Shot Misses the Net.
4:19 of 3rd period - Slapshot by Aaron Ekblad.
4:19 of 3rd period - Deflect By Troy Terry.
4:19 of 3rd period - Goal by Troy Terry - Detroit Red Wings : 1 - Toronto Maple Leafs : 5.
4:20 of 3rd period - Sam Bennett wins face-off versus Tanner Pearson in neutral zone.
4:47 of 3rd period - Max Pacioretty is hit by Quinton Byfield and loses puck.
5:35 of 3rd period - Sam Bennett is hit by Cutter Gauthier and loses puck.
6:24 of 3rd period - Sam Bennett is hit by Vasili Podkolzin.
7:14 of 3rd period - Sam Bennett is hit by Kasperi Kapanen.
7:30 of 3rd period - Quinton Byfield is hit by Steven Stamkos and loses puck.
7:40 of 3rd period - Minor Penalty to Steven Stamkos for Roughing.
7:41 of 3rd period - Sam Bennett wins face-off versus Yakov Trenin in Detroit Red Wings zone.
8:00 of 3rd period - Troy Terry is hit by Zach Bogosian and loses puck.
8:40 of 3rd period - Kevin Stenlund is hit by Cody Ceci and loses puck.
9:40 of 3rd period - Penalty to Steven Stamkos is over, Steven Stamkos is back on ice.
9:40 of 3rd period - Icing by Scott Laughton.
9:41 of 3rd period - Cutter Gauthier wins face-off versus Wyatt Johnston in Toronto Maple Leafs zone.
9:50 of 3rd period - Snap shot by Kasperi Kapanen.
9:50 of 3rd period - Stopped by Frederik Andersen without a rebound.
9:51 of 3rd period - Cutter Gauthier wins face-off versus Scott Laughton in Toronto Maple Leafs zone.
9:56 of 3rd period - Backhand shot by Cutter Gauthier.
9:56 of 3rd period - Shot Blocked by Mario Ferraro.
9:58 of 3rd period - Slapshot by Shayne Gostisbehere.
9:58 of 3rd period - Shot Blocked by Scott Laughton.
10:00 of 3rd period - Slapshot by Jamie Drysdale.
10:00 of 3rd period - Stopped by Frederik Andersen without a rebound.
10:01 of 3rd period - Scott Laughton wins face-off versus Steven Stamkos in Toronto Maple Leafs zone.
10:06 of 3rd period - Snap shot by Steven Stamkos.
10:06 of 3rd period - Stopped by Frederik Andersen without a rebound.
10:07 of 3rd period - Steven Stamkos wins face-off versus Sam Bennett in Toronto Maple Leafs zone.
10:10 of 3rd period - Slapshot by Steven Stamkos.
10:10 of 3rd period - Shot Blocked by Troy Terry.
10:12 of 3rd period - Wrist shot by Steven Stamkos.
10:12 of 3rd period - Shot Misses the Net.
10:14 of 3rd period - Snap shot by Steven Stamkos.
10:14 of 3rd period - Deflect By Patrick Kane.
10:14 of 3rd period - Stopped by Frederik Andersen with a rebound.
10:16 of 3rd period - Slapshot by Patrick Kane.
10:16 of 3rd period - Shot Blocked by Aaron Ekblad.
10:18 of 3rd period - Slapshot by Jackson LaCombe.
10:18 of 3rd period - Deflect By Warren Foegele.
10:18 of 3rd period - Stopped by Frederik Andersen with a rebound.
10:35 of 3rd period - Off-side.
10:36 of 3rd period - Cutter Gauthier wins face-off versus Wyatt Johnston in neutral zone.
10:52 of 3rd period - Backhand shot by Quinton Byfield.
10:52 of 3rd period - Deflect By Cutter Gauthier.
10:52 of 3rd period - Stopped by Vitek Vanecek with a rebound.
10:58 of 3rd period - Bowen Byram is hit by Zach Bogosian and loses puck.
11:11 of 3rd period - Wrist shot by Tanner Pearson.
11:11 of 3rd period - Stopped by Frederik Andersen without a rebound.
11:12 of 3rd period - Steven Stamkos wins face-off versus Sam Bennett in Toronto Maple Leafs zone.
11:19 of 3rd period - Slapshot by Patrick Kane.
11:19 of 3rd period - Deflect By Steven Stamkos.
11:19 of 3rd period - Goal by Steven Stamkos - Detroit Red Wings : 2 - Toronto Maple Leafs : 5.
11:20 of 3rd period - Sam Bennett wins face-off versus Steven Stamkos in neutral zone.
12:35 of 3rd period - Wrist shot by Warren Foegele.
12:35 of 3rd period - Stopped by Vitek Vanecek without a rebound.
12:36 of 3rd period - Steven Stamkos wins face-off versus Sam Bennett in Detroit Red Wings zone.
13:21 of 3rd period - Cutter Gauthier is hit by Quinton Byfield and loses puck.
13:40 of 3rd period - Backhand shot by Cody Ceci.
13:40 of 3rd period - Stopped by Vitek Vanecek without a rebound.
13:41 of 3rd period - Steven Stamkos wins face-off versus Warren Foegele in Detroit Red Wings zone.
13:50 of 3rd period - Snap shot by Steven Stamkos.
13:50 of 3rd period - Stopped by Frederik Andersen without a rebound.
13:51 of 3rd period - Steven Stamkos wins face-off versus Sam Bennett in Toronto Maple Leafs zone.
14:10 of 3rd period - Wrist shot by Patrick Kane.
14:10 of 3rd period - Shot Blocked by Mario Ferraro.
14:22 of 3rd period - Wrist shot by Steven Stamkos.
14:22 of 3rd period - Shot Misses the Net.
14:24 of 3rd period - Wrist shot by Max Pacioretty.
14:24 of 3rd period - Shot Misses the Net.
14:26 of 3rd period - Snap shot by Max Pacioretty.
14:26 of 3rd period - Stopped by Frederik Andersen without a rebound.
14:27 of 3rd period - Cutter Gauthier wins face-off versus Scott Laughton in Toronto Maple Leafs zone.
14:36 of 3rd period - Slapshot by Kasperi Kapanen.
14:36 of 3rd period - Shot Misses the Net.
14:38 of 3rd period - Backhand shot by Zachary Werenski.
14:38 of 3rd period - Stopped by Frederik Andersen with a rebound.
14:40 of 3rd period - Slapshot by Jackson LaCombe.
14:40 of 3rd period - Stopped by Frederik Andersen without a rebound.
14:41 of 3rd period - Wyatt Johnston wins face-off versus Kasperi Kapanen in Toronto Maple Leafs zone.
14:46 of 3rd period - Cutter Gauthier is hit by Brady Tkachuk and loses puck.
14:57 of 3rd period - Backhand shot by Wyatt Johnston.
14:57 of 3rd period - Shot Misses the Net.
15:28 of 3rd period - Off-side.
15:29 of 3rd period - Scott Laughton wins face-off versus Kevin Stenlund in neutral zone.
15:40 of 3rd period - Snap shot by Brandon Saad.
15:40 of 3rd period - Shot Misses the Net.
16:38 of 3rd period - Wrist shot by Raphael Lavoie.
16:38 of 3rd period - Stopped by Frederik Andersen without a rebound.
16:39 of 3rd period - Scott Laughton wins face-off versus Rasmus Kupari in Toronto Maple Leafs zone.
16:44 of 3rd period - Slapshot by Ryan Pulock.
16:44 of 3rd period - Deflect By Brandon Saad.
16:44 of 3rd period - Shot Misses the Net.
16:44 of 3rd period - Puck is out of play.
16:45 of 3rd period - Steven Stamkos wins face-off versus Scott Laughton in Detroit Red Wings zone.
17:00 of 3rd period - Wrist shot by Scott Laughton.
17:00 of 3rd period - Shot Misses the Net.
17:12 of 3rd period - Snap shot by Scott Laughton.
17:12 of 3rd period - Stopped by Vitek Vanecek without a rebound.
17:13 of 3rd period - Sam Bennett wins face-off versus Cutter Gauthier in Detroit Red Wings zone.
17:26 of 3rd period - Wrist shot by Troy Terry.
17:26 of 3rd period - Shot Misses the Net.
17:43 of 3rd period - Shayne Gostisbehere is hit by Sam Bennett and loses puck.
18:10 of 3rd period - Snap shot by Troy Terry.
18:10 of 3rd period - Stopped by Vitek Vanecek without a rebound.
18:11 of 3rd period - Steven Stamkos wins face-off versus Wyatt Johnston in Detroit Red Wings zone.
19:46 of 3rd period - Warren Foegele is hit by Jeff Petry and loses puck.
Goals for this period are 1 for Detroit Red Wings vs 1 for Toronto Maple Leafs.
Shots for this period are 14 for Detroit Red Wings vs 6 for Toronto Maple Leafs.